 Dungeon Crawl Stone Soup version 0.30-a0-672-gc3a7216ad8 (webtiles) character file.

Game seed: 11369578873213453643

1657 lunkers the Cleaver (level 9, 0/67 HPs)
             Began as a Meteoran Gladiator on Jan 18, 2023.
             Was an Initiate of Okawaru.
             Slain by a gnoll
             ... wielding a +0 halberd
             ... led by a gnoll bouda
              (4 damage)
             ... on level 6 of the Dungeon.
             The game lasted 00:06:47 (2253 turns).

lunkers the Cleaver (Meteoran Gladiator)            Turns: 2253, Time: 00:06:48

Health: 0/67       AC: 16    Str: 20    XL:     9   Next: 43%
Magic:  11/11      EV:  9    Int:  9    God:    Okawaru [......]
Gold:   205        SH:  0    Dex: 17    Spells: 8/8 levels left

rFire   . . .      SeeInvis .    l - +7 flail (protect)
rCold   . . .      Faith    .    (no shield)
rNeg    . . .      Spirit   .    m - +0 chain mail
rPois   .          Reflect  .    c - +0 helmet
rElec   .          Harm     .    (no cloak)
rCorr   .          Rampage  .    (no gloves)
Will    +....                    (no boots) Stlth
                                 (no amulet)
HPRegen 0.31/turn                (no ring)
MPRegen 0.12/turn                (no ring)

@: under a protective aura, glowing
A: sense surroundings 2, otherworldly, glowing, explore regen
a: Renounce Religion


You were on level 6 of the Dungeon.
You worshipped Okawaru.
Okawaru was noncommittal.
You visited 2 branches of the dungeon, and saw 7 of its levels.

You collected 205 gold pieces.

Inventory:

Hand Weapons
 a - a +0 war axe
 l - a +7 flail of protection (weapon)
 u - a +2 whip of electrocution
Missiles
 d - 3 throwing nets
 e - a javelin
Armour
 c - a +0 helmet (worn)
 m - a +0 chain mail (worn)
Wands
 h - a wand of charming (4)
Scrolls
 f - a scroll of immolation {unknown}
 j - a scroll of teleportation {unknown}
 o - a scroll of noise {unknown}
 p - 2 scrolls of poison
 s - a scroll of butterflies {unknown}
 w - a scroll of vulnerability {unknown}
Potions
 b - 2 potions of attraction
 g - 3 potions of curing
 i - a potion of lignification
 k - a potion of resistance
 n - a potion of might {unknown}
 q - 3 potions of brilliance {unknown}
 r - 2 potions of heal wounds
 t - a potion of cancellation {unknown}
 v - a potion of mutation {unknown}


   Skills:
 - Level 2.1 Fighting
 - Level 11.7(12.4) Axes
 + Level 7.0(10.8) Maces & Flails
 - Level 2.4 Throwing
 - Level 3.6 Dodging
 + Level 2.3 Invocations


You had 8 spell levels left.
You didn't know any spells.
Your spell library contained the following spells:

 Spells                   Type           Power      Damage    Failure   Level
 Magic Dart               Conj           0%         1d3       99%         1
 Searing Ray              Conj           0%         2d4       100%        2
 Fulminant Prism          Conj/Hex       0%         3d5       100%        4


Dungeon Overview and Level Annotations

Branches:
Dungeon (6/15) Zot: 1444   Temple (1/1) D:5 Zot: 466

Altars:
Ashenzari
Cheibriados
Dithmenos
Elyvilon
Fedhas
Gozag
Hepliaklqana
Kikubaaqudgha
Makhleb
Okawaru
Qazlal
Sif Muna
Trog
Uskayaw
Vehumet
Wu Jian
Xom
The Shining One


Innate Abilities, Weirdness & Mutations

You passively map the area around you.
You are easily found by Zot.
You glow in the dark.
You regain HP and MP as you explore.


Message History

The gnoll closely misses you.
You sock the gnoll!
The gnoll is severely wounded.
The gnoll is no longer moving quickly.
The shadow imp hits you but does no damage. x2
The gnoll hits you but does no damage.
The gnoll hits you from afar with a +0 spear.
* * * LOW HITPOINT WARNING * * *
You sock the gnoll!
You kill the gnoll!
Okawaru accepts your kill.
The gnoll is no longer moving quickly.
The shadow imp hits you but does no damage. x2
The gnoll hits you but does no damage. The gnoll closely misses you.
Your base Maces & Flails skill increases to level 7!
You sock the shadow imp!
You kill the shadow imp!
Okawaru accepts your kill.
The shadow imp grinds its teeth.
The shadow imp hits you but does no damage.
The gnoll hits you but does no damage.
You closely miss the shadow imp.
The gnoll is no longer moving quickly.
The gnoll closely misses you. The shadow imp closely misses you.
The gnoll hits you from afar with a +0 halberd.
* * * LOW HITPOINT WARNING * * *
You closely miss the shadow imp. The gnoll hits you but does no damage.
The shadow imp hits you but does no damage.
You sock the shadow imp!
You kill the shadow imp!
Okawaru accepts your kill. The gnoll closely misses you.
The gnoll hits you from afar with a +0 spear.
* * * LOW HITPOINT WARNING * * *
The gnoll hits you with a +0 halberd.
* * * LOW HITPOINT WARNING * * *
The gnoll completely misses you. The gnoll barely misses you.
You hit the gnoll. Your punch misses the gnoll.
The gnoll is lightly wounded.
The gnoll hits you with a +0 halberd.
You die...

* , , #..............
,,#..............
#.............. *
#####'########.
*#########...........
,
#○§§☼§☼§#...........*
#§§§§○☼○#........... +
#§§§.)☼§#...........
#§§§.@g○☼§○§........*,
#☼§○○☼gg#○§§........ ,
#######§#...........
*.......§§§#########
.....g..§☼# *, ,
*.........§# *,,
*.§..♣....§# * ,
..§§......# ,
*..P§......# * ,


You could see 3 gnolls.

Vanquished Creatures
  Pikel (D:4)
  Sigmund (D:3)
  Edmund (D:4)
  An orc warrior (D:5)
  2 ogres (D:5)
  A phantom (D:4)
  A centaur (D:5)
  A scorpion (D:5)
  An orc priest (D:3)
  A hound (D:5)
  A gnoll bouda (D:6)
  A jelly (D:3)
  Natasha (D:2)
  6 orc wizards
  5 gnolls
  An adder (D:4)
  2 shadow imps (D:6)
  An ufetubus (D:4)
  A dart slug (D:2)
  3 worms
  17 orcs
  5 bats
  An endoplasm (D:1)
  4 giant cockroaches
  10 goblins
  4 hobgoblins
  A jackal (D:1)
  5 kobolds
  A quokka (D:1)
  6 ball pythons
  5 frilled lizards
  A rat (D:1)
93 creatures vanquished.

Vanquished Creatures (others)
  4 demonic plants (D:6)
4 creatures vanquished.

Grand Total: 97 creatures vanquished

Notes
Turn   | Place    | Note
-------+----------+-------------------------------------------
     0 | D:1      | lunkers the Meteoran Gladiator began the quest for the Orb.
     0 | D:1      | Reached XP level 1. HP: 17/17 MP: 2/2
    58 | D:1      | Reached skill level 4 in Axes
    58 | D:1      | Reached XP level 2. HP: 17/24 MP: 3/3
   185 | D:1      | Reached XP level 3. HP: 25/29 MP: 4/4
   212 | D:2      | Reached skill level 5 in Axes
   303 | D:2      | Noticed Natasha
   311 | D:2      | Killed Natasha
   312 | D:2      | Reached XP level 4. HP: 7/36 MP: 5/5
   560 | D:3      | Reached skill level 6 in Axes
   635 | D:3      | Reached XP level 5. HP: 5/41 MP: 6/6
   845 | D:3      | Noticed Sigmund
   872 | D:3      | HP: 3/61 [something (1)]
   875 | D:3      | HP: 1/61 [kobold/+0 club (1)]
   880 | D:3      | Killed Sigmund
   881 | D:3      | Reached skill level 8 in Axes
   881 | D:3      | Reached XP level 6. HP: 3/48 MP: 7/7
   881 | D:3      | HP: 1/72 [orc/+0 dagger (3)]
  1039 | D:4      | Reached XP level 7. HP: 49/55 MP: 8/8
  1124 | D:4      | Reached skill level 9 in Axes
  1285 | D:4      | Noticed Pikel
  1307 | D:4      | Killed Pikel
  1308 | D:4      | Reached skill level 11 in Axes
  1308 | D:4      | Reached XP level 8. HP: 9/61 MP: 9/9
  1338 | D:4      | Noticed Edmund
  1344 | D:4      | Killed Edmund
  1391 | D:5      | Entered Level 5 of the Dungeon
  1489 | D:5      | Gained mutation: You passively map the area around you.
                  | [Meteoran growth]
  1489 | D:5      | Reached XP level 9. HP: 56/67 MP: 10/10
  1601 | D:5      | Reached skill level 5 in Maces & Flails
  1610 | D:5      | Found a staircase to the Ecumenical Temple.
  1688 | Temple   | Entered the Ecumenical Temple
  1815 | Temple   | Became a worshipper of Warmaster Okawaru
  2024 | D:5      | Reached skill level 1 in Invocations
  2253 | D:6      | Slain by a gnoll

Illustrated notes

Levels and vault maps discovered:
D:1:      lightli_arrival_chessboard, layout_basic, palyth_stone_intersect,
          fountainhead, minmay_tromino_mix6
D:2:      minmay_inner_zag, layout_basic,
          hellmonk_ecumenical_altar_inner_sanctum, basic_altar, uniq_jessica,
          uniq_natasha, uniq_crazy_yiuf_cottage
D:3:      layout_basic, chequers_serial_rivers_micro_e, uniq_sigmund,
          uniq_grinder
D:4:      layout_basic, uniq_edmund, uniq_eustachio, uniq_pikel
D:5:      layout_loops_ring, minmay_temple_entry_antechambers
D:6:      layout_gridville, zin_academy, serial_demonic, serial_demonic_c,
          serial_demonic_b, serial_demonic_f, serial_demonic_d
Temple:   hc_temple_tempest_star

Skill      XL: |  1  2  3  4  5  6  7  8  9 |
---------------+----------------------------+-----
Axes           | 4 5 6 8 11 | 11.7
Maces & Flails | 3 7 |  7.0
Invocations    | 2 |  2.3
Fighting       | |  2.1
Throwing       | |  2.4
Dodging        | |  3.6

Action                   |  1- 3 |  4- 6 |  7- 9 || total
-------------------------+-------+-------+-------++-------
Melee: War axe           |    69 |    58 |    74 ||   201
       Punch             |       |       |     2 ||     2
       Flail             |       |       |    72 ||    72
Evoke: Wand              |       |       |    12 ||    12
  Use: Potion            |       |     1 |     1 ||     2
       Scroll            |       |     3 |     2 ||     5
Armor: Leather armour    |    25 |     2 |       ||    27
       Chain mail        |       |    33 |   106 ||   139
       Skin              |       |     9 |     7 ||    16
Dodge: Dodged            |    54 |    16 |    55 ||   125

Table legend: (Time is in decaauts)
 A = Elapsed time spent in this place.
 B = Non-inter-level travel time spent in this place.
 C = Inter-level travel time spent in this place.
 D = Time resting spent in this place.
 E = Time spent auto-exploring this place.
 F = Levels seen in this place.
 G = Mean time per level.
                   A        B        C        D        E       F      G
               +--------+--------+--------+--------+--------+-----+--------+
         Total |   2288 |   2133 |    155 |     33 |   1453 |   7 |  326.9 |
       Dungeon |   2154 |   2035 |    119 |     33 |   1375 |   6 |  359.0 |
        Temple |    133 |     97 |     36 |      0 |     78 |   1 |  133.0 |
               +--------+--------+--------+--------+--------+-----+--------+

Top non-repeatable levels by time:
     D:5: 643 daAuts
     D:3: 564 daAuts
     D:4: 366 daAuts
     D:2: 287 daAuts
     D:1: 212 daAuts
  Temple: 133 daAuts
     D:6: 79 daAuts
